 Dungeon Crawl Stone Soup version 0.30-a0-760-g5a9884bb7c (webtiles) character file.

Game seed: 4362523787343845479

11463 vineage the Basher (level 11, -5/71 HPs)
             Began as a Gargoyle Fighter on Feb 10, 2023.
             Was an Elder of Okawaru.
             Killed from afar by an efreet (7 damage)
             ... with a bolt of fire
             ... on level 1 of the Abyss.
             The game lasted 00:15:33 (11318 turns).

vineage the Basher (Gargoyle Fighter)              Turns: 11318, Time: 00:15:33

Health: -5/71      AC: 25    Str: 29    XL:     11   Next: 78%
Magic:  14/14      EV:  7    Int: 10    God:    Okawaru [****..]
Gold:   571        SH: 15    Dex:  9    Spells: 10/10 levels left

rFire   + . .      SeeInvis .    v - +1 flail (flame)
rCold   + . .      Faith    .    L - +0 kite shield
rNeg    + . .      Spirit   .    K - +0 chain mail
rPois   ∞          Reflect  +    i - +2 helmet
rElec   +          Harm     .    s - scarf {rC+ rF+}
rCorr   .          Rampage  .    F - +0 pair of gloves
Will    .....                    l - +0 pair of boots Stlth
                                 e - amulet of reflection
HPRegen 0.31/turn                k - +4 ring of slaying
MPRegen 0.14/turn                G - +6 ring of strength

@: about to teleport
A: sickness immunity, AC +8, negative energy resistance 1, electricity
resistance, torment resistance 1, petrification resistance
a: Renounce Religion, Heroism, Finesse


You were on level 1 of the Abyss.
You worshipped Okawaru.
Okawaru was greatly pleased with you.
You visited 2 branches of the dungeon, and saw 12 of its levels.
You visited the Abyss 1 time.
You also visited: Ossuary.

You collected 676 gold pieces.
You spent 105 gold pieces at shops.

Inventory:

Hand Weapons
 v - a +1 flail of flaming (weapon)
Missiles
 B - 2 throwing nets (quivered)
Armour
 i - a +2 helmet (worn)
 l - a +0 pair of boots (worn)
 s - a scarf of resistance (worn)
 F - a +0 pair of gloves (worn)
 K - a +0 chain mail (worn)
 L - a +0 kite shield (worn)
Jewellery
 d - a ring of protection from cold
 e - an amulet of reflection (around neck)
 k - a +4 ring of slaying (left hand)
 m - a ring of magical power
 t - a ring of protection from fire
 A - a ring of wizardry
 E - an amulet of faith
 G - a +6 ring of strength (right hand)
 N - a ring of protection from cold
Wands
 a - a wand of polymorph (10)
 c - a wand of roots (5)
 y - a wand of flame (54)
 J - a wand of mindburst (5)
Scrolls
 b - a scroll of brand weapon
 r - 3 scrolls of magic mapping
 u - 3 scrolls of poison
 x - 2 scrolls of fog
 D - a scroll of teleportation
 H - 2 scrolls of enchant weapon
 M - 3 scrolls of enchant armour
Potions
 f - 4 potions of curing
 g - a potion of lignification
 h - 2 potions of heal wounds
 j - 6 potions of brilliance
 n - 9 potions of flight
 o - 2 potions of mutation
 p - 4 potions of haste
 w - a potion of invisibility
 z - 2 potions of magic
 C - a potion of cancellation
 I - a potion of attraction {unknown}


   Skills:
 + Level 9.5 Fighting
 * Level 11.5 Maces & Flails
 + Level 9.5 Armour
 + Level 9.4 Shields
 + Level 4.4 Invocations


You had 10 spell levels left.
You didn't know any spells.
Your spell library contained the following spells:

 Spells                   Type           Power      Damage    Failure   Level
 Freeze                   Ice            0%         1d3       98%         1
 Ensorcelled Hibernation  Hex/Ice        0%         N/A       99%         2
 Lesser Beckoning         Tloc           0%         N/A       99%         2
 Passwall                 Tmut/Erth      0%         N/A       99%         2
 Frozen Ramparts          Ice            0%         1d1       100%        3
 Gell's Gravitas          Tloc           0%         N/A       100%        3
 Hailstorm                Conj/Ice       0%         3d3       100%        3
 Inner Flame              Hex/Fire       0%         N/A       100%        3
 Swiftness                Air            0%         N/A       100%        3
 Teleport Other           Tloc           0%         N/A       100%        3
 Petrify                  Tmut/Erth      0%         N/A       100%        4
 Irradiate                Conj/Tmut      0%         3d11      100%        5
 Sublimation of Blood     Necr           Unusable   N/A       N/A         2
 Summon Cactus Giant      Summ           Unusable   N/A       N/A         6

Dungeon Overview and Level Annotations

Branches:
Dungeon (11/15)            Temple (1/1) D:6            Lair (0/5) D:9
Ossuary (visited)
    Orc: D:9-12

Altars:
Ashenzari
Cheibriados
Dithmenos
Elyvilon
Fedhas
Gozag
Hepliaklqana
Kikubaaqudgha
Makhleb
Nemelex Xobeh
Okawaru
Qazlal
Ru
Sif Muna
Trog
Uskayaw
Vehumet
Wu Jian
Xom
Yredelemnul
Zin
The Shining One

Shops:
D:2 *   D:9 ?

Annotations:
D:11 Psyche


Innate Abilities, Weirdness & Mutations

You are immune to sickness and miasma.
Your stone body is resilient. (AC +8)
You are immune to poison.
You resist negative energy. (rN+)
You are resistant to electric shocks. (rElec)
You are resistant to unholy torment.
You are immune to petrification.


Message History

The Executioner hits you but does no damage. x2
The Executioner attacks as you move away!
You block the Executioner's attack. x2; The Executioner hits you.
You block the Executioner's attack.
The Executioner hits you but does no damage. x2
The Executioner hits you. You block the Executioner's attack.
The Executioner hits you but does no damage.
The Executioner closely misses you.
The Executioner hits you but does no damage.
You block the Executioner's attack. The Executioner hits you!
* * * LOW HITPOINT WARNING * * *
The Executioner hits you but does no damage.
You block the Executioner's attack.
You feel much better.
The Executioner hits you but does no damage. x4
The Executioner barely misses you. You block the Executioner's attack.
The Executioner hits you.
The Executioner hits you but does no damage. x2
The Executioner hits you but does no damage. x2
You block the Executioner's attack.
The Executioner hits you but does no damage.
The Executioner hits you. x2
The Executioner attacks as you move away!
The Executioner hits you. You block the Executioner's attack.
The Executioner completely misses you. The Executioner hits you.
* * * LOW HITPOINT WARNING * * *
The Executioner hits you but does no damage.
You block the Executioner's attack. x2
The Executioner hits you but does no damage.
The Executioner closely misses you.
The Executioner attacks as you move away!
The Executioner hits you!!
* * * LOW HITPOINT WARNING * * *
You block the Executioner's attack. x2
The Executioner hits you but does no damage.
The Executioner barely misses you.
The Executioner hits you but does no damage.
The efreet gestures at you. The bolt of fire hits you! You resist.
You die...

## §§# .. .§#
##.###°#
#..X..°#.#####
#.....R#.#...##
#.... #......#
#.....#.##..@##
#....☼R.#..1.#
#....##.#....#
#.##.##○#R####
# ##...○...#
#.#.###.#
#.#..# .# #
##.# # # . ..


You could see an Executioner (fast) and an efreet.

Vanquished Creatures
  A two-headed ogre (D:9)
  Pikel (D:7)
  A smoke demon (Abyss:1)
  5 gargoyles (D:8)
  Maggie (D:5)
  A kobold demonologist (D:9)
  2 trolls (D:10)
  A merfolk (D:10)
  A hornet (D:7)
  Sigmund (D:5)
  A wyvern (D:9)
  A wraith (Ossuary)
  10 yaks
  Eustachio (D:5)
  A chaos spawn (Abyss:1)
  2 swamp worms (D:9)
  Menkaure (D:7)
  Edmund (D:5)
  An acid dragon (D:11)
  Duvessa (D:7)
  2 water moccasins
  4 sky beasts
  3 black bears
  4 orc warriors
  2 ice beasts
  An ogre (D:7)
  A small abomination (Abyss:1)
  3 centaurs
  A lemure (D:7)
  A phantom (D:7)
  5 kobold brigands
  A necrophage (D:5)
  4 bullfrogs
  A gnoll sergeant (D:10)
  A scorpion (D:7)
  4 wights
  Dowan (D:7)
  11 killer bees
  A howler monkey (D:5)
  A hound (D:5)
  A jelly (D:5)
  8 orc priests
  A gnoll bouda (D:5)
  5 iguanas
  8 orc wizards
  3 mummies (Ossuary)
  12 gnolls
  9 adders
  3 shadow imps
  3 white imps
  2 ufetubi
  A worm (D:3)
  4 dart slugs
  30 orcs
  6 bats
  5 endoplasms
  4 giant cockroaches
  6 goblins
  9 hobgoblins
  11 jackals
  6 quokkas
  5 ball pythons
  2 frilled lizards
  A gnoll zombie (Ossuary)
  A goblin zombie (Ossuary)
  5 hobgoblin zombies (Ossuary)
  27 kobolds
  3 kobold zombies (Ossuary)
  An orc zombie (Ossuary)
  6 rats
275 creatures vanquished.

Vanquished Creatures (others)
  A kobold (D:9)
  15 fungi
  10 plants (D:9)
26 creatures vanquished.

Grand Total: 301 creatures vanquished

Notes
Turn   | Place    | Note
-------+----------+-------------------------------------------
     0 | D:1      | vineage the Gargoyle Fighter began the quest for the Orb.
     0 | D:1      | Reached XP level 1. HP: 14/14 MP: 1/1
   122 | D:1      | Reached XP level 2. HP: 19/19 MP: 2/2
   376 | D:1      | Reached XP level 3. HP: 23/23 MP: 3/3
   462 | D:1      | Found a faded altar of an unknown god.
  1045 | D:2      | Found Buysab's General Store.
  1054 | D:2      | Found a hide-covered altar of Uskayaw.
  1199 | D:2      | Reached XP level 4. HP: 29/29 MP: 4/4
  1204 | D:2      | Reached skill level 3 in Maces & Flails
  1700 | D:3      | Found a basalt altar of Yredelemnul.
  1916 | D:3      | Reached XP level 5. HP: 21/33 MP: 5/5
  2891 | D:4      | Reached skill level 4 in Maces & Flails
  2891 | D:4      | Reached XP level 6. HP: 27/39 MP: 6/6
  3030 | D:5      | Entered Level 5 of the Dungeon
  3030 | D:5      | Noticed Eustachio
  3042 | D:5      | Killed Eustachio
  3086 | D:5      | Reached XP level 7. HP: 39/44 MP: 7/7
  3314 | D:5      | Reached skill level 5 in Fighting
  3314 | D:5      | Reached skill level 5 in Maces & Flails
  3314 | D:5      | Reached skill level 5 in Armour
  3515 | D:5      | Reached skill level 5 in Shields
  3961 | D:5      | Noticed Edmund
  3971 | D:5      | Killed Edmund
  3972 | D:5      | Reached XP level 8. HP: 44/50 MP: 8/8
  4003 | D:5      | Noticed Sigmund
  4018 | D:5      | Killed Sigmund
  4019 | D:5      | Reached skill level 6 in Maces & Flails
  4025 | D:5      | Identified the +0 helmet of Yjoz {*Corrode Int+4 SInv
                  | Stlth+}
  4280 | D:6      | Noticed Maggie
  4577 | D:5      | Killed Maggie
  4578 | D:5      | Reached skill level 7 in Maces & Flails
  4578 | D:5      | Reached XP level 9. HP: 24/56 MP: 9/9
  5454 | D:6      | Found a staircase to the Ecumenical Temple.
  5482 | Temple   | Entered the Ecumenical Temple
  5559 | Temple   | Became a worshipper of Warmaster Okawaru
  5676 | D:6      | Reached skill level 8 in Maces & Flails
  5839 | D:6      | Found a snail-covered altar of Cheibriados.
  5959 | D:6      | You fall into a shaft and drop 3 floors!
  5989 | D:9      | Reached * piety under Okawaru
  6018 | D:9      | Found a staircase to the Lair.
  6019 | D:9      | Reached ** piety under Okawaru
  6036 | D:9      | Reached XP level 10. HP: 33/63 MP: 10/10
  6041 | D:9      | Reached skill level 9 in Maces & Flails
  6130 | D:9      | Noticed a kobold demonologist
  6140 | D:9      | Noticed a sixfirhy
  6144 | D:9      | Killed a kobold demonologist
  6155 | D:9      | Found Sosk's Magic Scroll Shoppe.
  6239 | D:9      | Bought a scroll of magic mapping for 105 gold pieces
  6290 | D:7      | Noticed Dowan
  6292 | D:7      | Noticed Duvessa
  6550 | D:8      | Found a sand-covered staircase.
  6557 | Ossuary  | Entered an ossuary
  7171 | D:8      | Noticed a gargoyle
  7180 | D:8      | Killed a gargoyle
  7324 | D:8      | Noticed a gargoyle
  7338 | D:8      | Killed a gargoyle
  7339 | D:8      | Reached skill level 10 in Maces & Flails
  7339 | D:8      | Reached skill level 1 in Invocations
  7529 | D:8      | Noticed a gargoyle
  7533 | D:8      | Killed a gargoyle
  7621 | D:8      | Noticed a gargoyle
  7626 | D:8      | Killed a gargoyle
  7629 | D:8      | Noticed a gargoyle
  7639 | D:8      | Killed a gargoyle
  7796 | D:8      | Reached XP level 11. HP: 52/69 MP: 12/12
  8722 | D:7      | Noticed Menkaure
  8728 | D:7      | Killed Menkaure
  8784 | D:7      | Killed Duvessa
  8800 | D:7      | Killed Dowan
  8858 | D:7      | Got Sif Muna's Codex of the Flamy Commander
  8965 | D:7      | Noticed Pikel
  8997 | D:7      | Killed Pikel
  9008 | D:7      | Reached *** piety under Okawaru
  9095 | D:7      | Reached skill level 11 in Maces & Flails
  9648 | D:9      | Found the +11 Singing Sword {sonic wave}
  9883 | D:9      | Found a hide-covered altar of Uskayaw.
  9944 | D:9      | Noticed a two-headed ogre
  9957 | D:9      | Killed a two-headed ogre
 10097 | D:10     | Entered Level 10 of the Dungeon
 10612 | D:10     | Identified the +1 scale mail "Dussaxka" {+Inv rN+ Slay+3
                  | Stlth-}
 10868 | D:10     | Reached **** piety under Okawaru
 11183 | D:11     | Noticed Psyche
 11187 | Abyss:1  | Cast into level 1 of the Abyss (Psyche)
 11309 | Abyss:1  | Noticed an Executioner
 11318 | Abyss:1  | HP: 2/71 [Executioner (19)]
 11318 | Abyss:1  | Killed from afar by an efreet

Illustrated notes

Levels and vault maps discovered:
D:1:      dpeg_arrival_court, layout_basic, dilly_ecumenical_altar_fadedgnrine,
          minmay_misc_feat_plants, minmay_pentomino_x4
D:2:      wander_river, layout_loops_cross, basic_altar, serial_shops,
          nicolae_shop_crystal, minmay_cupped
D:3:      layout_basic, yredelemnul_altar_generic, nicolae_half_adder
D:4:      layout_rooms
D:5:      nicolae_cairo_tiling_very_big, layout_cave_pods,
          sigmund_edmund_badplayer, uniq_eustachio
D:6:      layout_rooms, mainiacjoe_overflow_cross_hatched,
          minmay_temple_entry_statues_pillars, uniq_maggie
D:7:      layout_rooms, minmay_checkerbox, uniq_pikel, uniq_menkaure,
          uniq_duvessa
D:8:      cheibrodos_statue_roulette, layout_gridville, enter_ossuary_3
D:9:      layout_loops_cross, overflow_temple_1_default, dpeg_oklobed_lair,
          serial_shops, shop, worms_lemuel
D:10:     layout_irregular_city, hangedman_fish_farm
D:11:     layout_loops_ring, minmay_misc_feat_columns, uniq_erolcha, uniq_psyche
Temple:   compressed_dpeg_triangle_lava_temple
Abyss:1:  base:
D:2

Skill      XL: |  1  2  3  4  5  6  7  8  9 10 11 |
---------------+----------------------------------+-----
Maces & Flails | 3 4 5 7 8 10 11 | 11.5
Fighting       | 4 5 6 7 8 9 |  9.5
Armour         | 4 5 6 7 8 9 |  9.5
Shields        | 4 5 6 7 8 9 |  9.4
Invocations    | 2 4 |  4.4

Action                     |  1- 3 |  4- 6 |  7- 9 | 10-12 || total
---------------------------+-------+-------+-------+-------++-------
  Melee: Flail             |   123 |   142 |   189 |   288 ||   742
         Mace              |       |       |    64 |   192 ||   256
 Invoke: Heroism           |       |       |       |    11 ||    11
    Use: Scroll            |     2 |     9 |     1 |    18 ||    30
         Potion            |       |     1 |     1 |     1 ||     3
 Armour: Scale mail        |    60 |    63 |   154 |   150 ||   427
         Chain mail        |       |       |       |    95 ||    95
  Dodge: Dodged            |    64 |    47 |    94 |   128 ||   333
  Block: Buckler           |    60 |    63 |   140 |   184 ||   447
         Reflection        |       |     1 |     6 |    12 ||    19
         Kite shield       |       |       |       |   109 ||   109

Table legend: (Time is in decaauts)
 A = Elapsed time spent in this place.
 B = Non-inter-level travel time spent in this place.
 C = Inter-level travel time spent in this place.
 D = Time resting spent in this place.
 E = Time spent auto-exploring this place.
 F = Levels seen in this place.
 G = Mean time per level.
                   A        B        C        D        E       F      G
               +--------+--------+--------+--------+--------+-----+--------+
         Total |  11428 |  10722 |    706 |   2599 |   6009 |  14 |  816.3 |
       Dungeon |  10811 |  10144 |    667 |   2599 |   5678 |  11 |  982.8 |
        Temple |     82 |     43 |     39 |      0 |     35 |   1 |   82.0 |
         Abyss |    132 |    132 |      0 |      0 |      0 |   1 |  132.0 |
       Ossuary |    401 |    401 |      0 |      0 |    296 |   1 |  401.0 |
               +--------+--------+--------+--------+--------+-----+--------+

Top non-repeatable levels by time:
     D:5: 2355 daAuts
     D:8: 2064 daAuts
    D:10: 1066 daAuts
     D:1: 1035 daAuts
     D:9: 962 daAuts
     D:3: 880 daAuts
     D:2: 687 daAuts
     D:7: 614 daAuts
     D:6: 599 daAuts
     D:4: 524 daAuts
 Ossuary: 401 daAuts
 Abyss:1: 132 daAuts
  Temple: 82 daAuts
    D:11: 19 daAuts
